 Dungeon Crawl Stone Soup version 0.29.1-1-gd02db6906a (webtiles) character file.

Game seed: 12623706187277215534

14 Ashen the Magician (level 2, -3/20 HPs)
             Began as a Demonspawn Hedge Wizard on Oct 21, 2022.
             Slain by a gnoll
             ... wielding a +0 flail
              (11 damage)
             ... on level 1 of the Dungeon.
             The game lasted 00:01:41 (644 turns).

Ashen the Magician (Demonspawn Hedge Wizard)         Turns: 644, Time: 00:01:42

Health: -3/20      AC:  2    Str: 10    XL:     2   Next: 27%
Magic:  4/6        EV: 12    Int: 15    God:
Gold:   35         SH:  0    Dex: 12    Spells: 6/7 levels left

rFire   . . .      SeeInvis .   g - +0 spear
rCold   . . .      Faith    .   (no shield)
rNeg    . . .      Spirit   .   b - +0 robe
rPois   .          Reflect  .   c - +0 hat
rElec   .          Harm     .   (no cloak)
rCorr   .          Rampage  .   (no gloves)
Will    .....                   (no boots)
Stlth   ++........              (no amulet)
HPRegen 0.06/turn               (no ring)
MPRegen 0.10/turn               (no ring)

@: very slightly contaminated
A: hooves 1
a: no special abilities


You were on level 1 of the Dungeon.
You visited 1 branch of the dungeon, and saw 1 of its levels.

You collected 35 gold pieces.

Inventory:

Hand Weapons
 a - a +0 dagger
 g - a +0 spear (weapon)
Missiles
 e - a throwing net
Armour
 b - a +0 robe (worn)
 c - a +0 hat (worn)
Scrolls
 f - a scroll of amnesia {unknown}
 h - a scroll of acquirement {unknown}
Potions
 d - a potion of curing {unknown}


   Skills:
 + Level 0.5 Fighting
 + Level 1.9 Dodging
 + Level 1.9 Stealth
 + Level 3.0 Spellcasting
 + Level 1.2 Conjurations
 + Level 1.3 Summonings
 + Level 1.1 Translocations


You had 6 spell levels left.
You knew the following spells:

 Your Spells              Type           Power      Damage    Failure   Level
a - Magic Dart            Conj           20%        1d4       12%         1

Your spell library contained the following spells:

 Spells                   Type           Power      Damage    Failure   Level
 Blink                    Tloc           10%        N/A       19%         2
 Call Imp                 Summ           6%         N/A       19%         2
 Slow                     Hex            8%         N/A       21%         1
 Conjure Flame            Conj/Fire      4%         6-21      43%         3
 Mephitic Cloud           Conj/Pois/Air  3%         N/A       45%         3


Dungeon Overview and Level Annotations

Branches:
Dungeon (1/15)

Altars:

Shops:
D:1 (


Innate Abilities, Weirdness & Mutations

You have large cloven feet.


Message History

The endoplasm is almost dead.
The endoplasm freezes you.
You are frozen.
You hit the endoplasm.
You kill the endoplasm!
You see here 6 stones.
Found 4 curare-tipped darts.
Found a spear.
No target in view!
h - a scroll labelled CUIRANO VEAGUL You open the door.
A giant cockroach and a gnoll come into view.
A goblin comes into view. It is wielding a +0 club.
There is an open door here.
You reach to attack!
The helpless gnoll fails to defend itself.
You hit the gnoll.
The gnoll is lightly wounded.
The goblin shouts!
An endoplasm comes into view.
The gnoll hits you with a +0 flail! The gnoll attacks as you move away!
The gnoll hits you with a +0 flail.
Casting: Magic Dart (safe; 12% risk of failure)
Confirm with . or Enter, or press ? or * to list all spells.
Aiming: Magic Dart (safe; 12% risk of failure)
Press: ? - help, Shift-Dir - straight line, f/p - gnoll
Aim: a gnoll, wielding a +0 flail (lightly wounded, 100% to hit)
You miscast Magic Dart.
You are very lightly contaminated with residual magic.
Nothing appears to happen.
The gnoll closely misses you.
Casting: Magic Dart (safe; 12% risk of failure)
Confirm with . or Enter, or press ? or * to list all spells.
Aiming: Magic Dart (safe; 12% risk of failure)
Press: ? - help, Shift-Dir - straight line, f/p - gnoll
Aim: a gnoll, wielding a +0 flail (lightly wounded, 100% to hit)
The magic dart hits the gnoll.
The gnoll is lightly wounded.
The gnoll hits you with a +0 flail!
Ouch! That really hurt!
You die...

#... #... #...# #....
##### ##... ####
####...# #.... #...
#....).####.#....
#...##...........†....
#...#@.......###.#....
#..Bg.......# #####
#g..##......# .....#.
#.....(# .# .### ..
####...####.# .##
#.......#.# ..
#..#..#.#.#### ..
#....##........# #J.
#.#.###.#......#


You could see a gnoll, a giant cockroach and a goblin.

Vanquished Creatures
  2 endoplasms (D:1)
  3 goblins (D:1)
  2 hobgoblins (D:1)
  A kobold (D:1)
  A quokka (D:1)
  A frilled lizard (D:1)
  A rat (D:1)
11 creatures vanquished.

Notes
Turn   | Place    | Note
-------+----------+-------------------------------------------
     0 | D:1      | Ashen the Demonspawn Hedge Wizard began the quest for the
                  | Orb.
     0 | D:1      | Reached XP level 1. HP: 13/13 MP: 4/4
    72 | D:1      | Found Nagotiz's Antique Weapon Shoppe.
   216 | D:1      | Reached skill level 1 in Translocations
   223 | D:1      | Gained mutation: You have large cloven feet. [demonic
                  | ancestry]
   223 | D:1      | Reached XP level 2. HP: 9/20 MP: 1/6
   644 | D:1      | Slain by a gnoll

Illustrated notes

Levels and vault maps discovered:
D:1:      co_arrival_random_square_maze, layout_basic, serial_shops,
          nicolae_shop_statue_plus, hellmonk_ecumenical_altar_dog_temple,
          minmay_misc_feat_square

Skill      XL: |  1 |
---------------+----+-----
Translocations | 1 |  1.1
Fighting       | |  0.5
Dodging        | |  1.9
Stealth        | |  1.9
Spellcasting   | |  3.0
Conjurations   | |  1.2
Summonings     | |  1.3

Action                   || total
-------------------------++-------
Melee: Dagger            ||    16
       Spear             ||     5
 Cast: Magic Dart        ||    24
  Use: Potion            ||     1
 Stab: Sleeping          ||     2
Armor: Robe              ||     4
Dodge: Dodged            ||    13
